 Dungeon Crawl Stone Soup version 0.31-a0-188-g5e087ee2ca (webtiles) character file.

Game seed: 5231322536199500057

709 qw the Skirmisher (level 7, -2/40 HPs)
             Began as a Deep Elf Hunter on June 23, 2023.
             Slain by a gnoll
             ... wielding a +0 spear
             ... led by a gnoll bouda
              (5 damage)
             ... on level 5 of the Dungeon.
             The game lasted 00:01:32 (3466 turns).

qw the Skirmisher (Deep Elf Hunter)                 Turns: 3466, Time: 00:01:32

Health: -2/40      AC: 10    Str: 10    XL:     7   Next: 40%
Magic:  9/9        EV: 11    Int: 14    God:
Gold:   250        SH:  0    Dex: 18    Spells: 6/6 levels left

rFire   . . .        e - +0 orcbow
rCold   . . .        (shield currently unavailable)
rNeg    . . .        d - +0 ring mail
rPois   .            c - +0 helmet
rElec   .            (no cloak)
rCorr   .            (no gloves)
SInv    .            (no boots)
Will    .....        (no amulet)
Stlth   +            b - +4 ring of protection
HPRegen 0.26/turn    (no ring)
MPRegen 0.11/turn

%: no passive effects
@: weakened
A: no striking features
a: no special abilities


You were on level 5 of the Dungeon.
You visited 1 branch of the dungeon, and saw 5 of its levels.

You collected 250 gold pieces.


   Skills:
 - Level 2.1 Fighting
 + Level 11.0 Ranged Weapons
 - Level 1.7 Armour
 - Level 3.0 Dodging
 - Level 1.2 Stealth


You had 6 spell levels left.
You didn't know any spells.
Your spell library was empty.

Inventory:

Hand Weapons
 e - a +0 orcbow (weapon)
Armour
 c - a +0 helmet (worn)
 d - a +0 ring mail (worn)
 g - a +0 pair of gloves
Jewellery
 b - a +4 ring of protection (left hand)
 h - a ring of protection from fire
Scrolls
 a - 3 scrolls of identify
 i - a scroll of fear {unknown}
Potions
 f - 4 potions of curing

Dungeon Overview and Level Annotations

Branches:
Dungeon (5/15)
 Temple: D:4-7

Altars:
Hepliaklqana
Nemelex Xobeh
Qazlal
Vehumet
Xom
Yredelemnul
Zin

Annotations:
D:5 2 transporters, qw's ghost, novice DEHu


Message History

The gnoll bouda is almost dead.
The gnoll bouda hits you but does no damage.
The gnoll barely misses you.
You shoot an arrow.
The arrow closely misses the gnoll bouda.
The arrow hits the gnoll!
The gnoll is almost dead.
Qw's ghost laughs crazily.
The gnoll barely misses you. The gnoll hits you with a +0 flail.
The gnoll barely misses you.
You shoot an arrow.
The arrow hits the gnoll bouda but does no damage.
The gnoll bouda is almost dead.
The gnoll bouda barely misses you.
The gnoll hits you from afar with a +0 spear.
The gnoll barely misses you. The gnoll closely misses you.
The gnoll hits you but does no damage.
You shoot an arrow.
The arrow closely misses the gnoll bouda.
The gnoll bouda closely misses you. The gnoll misses you.
The gnoll hits you but does no damage. The gnoll hits you with a +0 flail.
The gnoll hits you from afar with a +0 spear.
You shoot an arrow.
The arrow barely misses the gnoll bouda.
The gnoll is no longer moving quickly.
The gnoll bouda hits you with a +0 club.
The gnoll hits you from afar with a +0 spear.
The gnoll hits you with a +0 flail. The gnoll hits you with a +3 flail.
The gnoll barely misses you.
The gnoll bouda barks out a call to the hunt!
The gnoll picks up the pace!
The gnoll hits you from afar with a +0 spear.
You shoot an arrow. The arrow hits the gnoll bouda.
The gnoll bouda is almost dead.
The gnoll is no longer moving quickly.
The gnoll closely misses you. The gnoll hits you with a +0 flail.
The gnoll barely misses you.
The gnoll bouda barks out a call to the hunt!
The gnoll picks up the pace!
The gnoll hits you from afar with a +0 spear.
You die...

#..#.#^.......
...)#........
.#?#^....... .
#..#.........
..##..#.........
.#..#O#.........
^....W#........
########@g.)....
#......g.g..#...
##....gg...# .
##.........##...
#.............#
###.......##.##
#.....### #.#
##....).## #.
#.........##


You could see an ogre, a gnoll bouda, qw's ghost and 4 gnolls.

Vanquished Creatures
  A centaur (D:4)
  A scorpion (D:4)
  A centaur zombie (D:4)
  2 jellies (D:4)
  A hound (D:4)
  2 sleepcaps
  An iguana (D:5)
  Ijyb (D:3)
  Terence (D:3)
  3 orc wizards (D:4)
  A hound zombie (D:4)
  Robin (D:3)
  4 gnolls (D:5)
  5 adders
  A shadow imp (D:5)
  3 adder zombies (D:4)
  3 worms
  2 dart slugs
  13 orcs
  2 bats
  3 endoplasms
  6 giant cockroaches
  12 goblins
  8 hobgoblins
  2 jackals (D:2)
  5 quokkas
  8 ball pythons
  3 frilled lizards
  3 kobolds
  10 rats
109 creatures vanquished.

Notes
Turn   | Place    | Note
-------+----------+-------------------------------------------
     0 | D:1      | qw the Deep Elf Hunter began the quest for the Orb.
     0 | D:1      | Reached XP level 1. HP: 12/12 MP: 3/3
     0 | D:1      | 0 ||| qw: Version: 0.3-a-9-g12657ce
     0 | D:1      | 0 ||| qw: Game counter: 3163
     0 | D:1      | 0 ||| qw: Always use a shield: true
     0 | D:1      | 0 ||| qw: God list: Okawaru
     0 | D:1      | 0 ||| qw: Allow faded altars: false
     0 | D:1      | 0 ||| qw: Do Orc after D:15 true
     0 | D:1      | 0 ||| qw: Do second Lair branch before Depths: true
     0 | D:1      | 0 ||| qw: Lair rune preference: random
     0 | D:1      | 0 ||| qw: Plans: Normal
     0 | D:1      | 0 ||| PLANNING D:1-11
   297 | D:1      | Reached skill level 6 in Ranged Weapons
   297 | D:1      | Reached XP level 2. HP: 16/16 MP: 4/4
   582 | D:1      | 582 ||| READING scroll labelled YMIAQO HEPSU.
   583 | D:1      | 583 ||| READING scroll labelled YRY LUOTIS.
   584 | D:1      | 584 ||| READING scroll labelled CEEFAR YMEINT.
   685 | D:1      | 685 ||| DROPPING scroll of butterflies.
   704 | D:2      | Found a faded altar of an unknown god.
   713 | D:2      | 713 ||| READING scroll of enchant weapon.
   713 | D:2      | 713 ||| ENCHANTING +1 shortbow.
   742 | D:2      | Reached XP level 3. HP: 20/20 MP: 5/5
   858 | D:2      | Found a shimmering altar of Xom.
   878 | D:2      | You fall into a shaft and drop 1 floor!
   951 | D:3      | Found a faded altar of an unknown god.
   951 | D:3      | Found a faded altar of an unknown god.
   959 | D:3      | Found a glowing silver altar of Zin.
   964 | D:3      | Found a sparkling altar of Nemelex Xobeh.
   966 | D:3      | Found a radiant altar of Vehumet.
  1052 | D:3      | 1052 ||| READING scroll labelled DAUDAOS EFOHI.
  1053 | D:3      | 1053 ||| READING scroll labelled NENOESMIKIU.
  1053 | D:3      | Found a stormy altar of Qazlal.
  1053 | D:3      | Found a hazy altar of Hepliaklqana.
  1054 | D:3      | 1054 ||| READING scroll labelled FISAGE KIAS.
  1055 | D:3      | 1055 ||| READING 2 scrolls of identify.
  1055 | D:3      | 1055 ||| IDENTIFYING fuming red potion
  1055 | D:3      | Noticed Ijyb
  1056 | D:3      | 1056 ||| FLEEEEING.
  1090 | D:3      | Killed Ijyb
  1091 | D:3      | Reached skill level 7 in Ranged Weapons
  1092 | D:3      | Reached XP level 4. HP: 12/25 MP: 6/6
  1330 | D:2      | 1330 ||| READING scroll of enchant weapon.
  1330 | D:2      | 1330 ||| ENCHANTING +2 shortbow.
  1372 | D:2      | 1372 ||| UPGRADING to +0 scale mail.
  1382 | D:2      | 1382 ||| DROPPING +0 leather armour.
  1383 | D:2      | 1383 ||| DRINKING 2 bubbling amethyst potions.
  1412 | D:3      | Noticed Terence
  1420 | D:3      | HP: 4/25 [dart slug/slug dart (5)]
  1421 | D:3      | 1421 ||| DRINKING potion of heal wounds.
  1423 | D:3      | Killed Terence
  1424 | D:3      | Reached skill level 8 in Ranged Weapons
  1627 | D:3      | Noticed Robin
  1632 | D:3      | Killed Robin
  1636 | D:3      | Reached XP level 5. HP: 23/29 MP: 7/7
  1644 | D:3      | 1644 ||| FLEEEEING.
  1646 | D:3      | 1646 ||| FLEEEEING.
  1647 | D:3      | 1647 ||| FLEEEEING.
  1649 | D:3      | 1649 ||| FLEEEEING.
  1650 | D:3      | 1650 ||| FLEEEEING.
  1651 | D:3      | 1651 ||| FLEEEEING.
  1652 | D:3      | 1652 ||| FLEEEEING.
  1653 | D:3      | 1653 ||| FLEEEEING.
  1654 | D:3      | 1654 ||| FLEEEEING.
  1656 | D:3      | 1656 ||| FLEEEEING.
  1657 | D:3      | 1657 ||| FLEEEEING.
  1658 | D:3      | 1658 ||| STAIRDANCE
  1671 | D:2      | 1671 ||| READING scroll labelled HYGRASHODGH.
  1672 | D:2      | 1672 ||| DRINKING 2 metallic red potions.
  1673 | D:2      | 1673 ||| DROPPING potion of brilliance.
  2047 | D:3      | 2047 ||| UPGRADING to +0 helmet.
  2052 | D:3      | 2052 ||| UPGRADING to +0 ring mail.
  2062 | D:3      | 2062 ||| DROPPING +0 scale mail.
  2063 | D:3      | 2063 ||| READING 2 scrolls of identify.
  2063 | D:3      | 2063 ||| IDENTIFYING amethyst potion
  2064 | D:3      | 2064 ||| DROPPING potion of magic.
  2148 | D:4      | Reached skill level 9 in Ranged Weapons
  2366 | D:4      | Reached XP level 6. HP: 35/35 MP: 8/8
  2435 | D:4      | 2435 ||| DRINKING 3 potions of curing.
  2435 | D:4      | 2435 ||| (to cure confusion)
  2551 | D:4      | Found a basalt altar of Yredelemnul.
  2614 | D:4      | Reached skill level 10 in Ranged Weapons
  2666 | D:4      | Reached skill level 3 in Dodging
  2766 | D:4      | 2766 ||| UPGRADING to +4 ring of protection.
  2797 | D:5      | Entered Level 5 of the Dungeon
  2801 | D:5      | 2801 ||| STAIRDANCE
  2880 | D:5      | 2880 ||| STAIRDANCE
  2891 | D:4      | Reached skill level 1 in Armour
  2947 | D:5      | 2947 ||| STAIRDANCE
  2951 | D:4      | Reached XP level 7. HP: 31/40 MP: 9/9
  2989 | D:5      | 2989 ||| STAIRDANCE
  3037 | D:5      | 3037 ||| STAIRDANCE
  3094 | D:5      | 3094 ||| STAIRDANCE
  3111 | D:4      | 3111 ||| SWAPPING to +0 orcbow.
  3112 | D:4      | 3112 ||| DROPPING +3 shortbow.
  3423 | D:5      | Reached skill level 11 in Ranged Weapons
  3449 | D:5      | Found a transporter.
  3450 | D:5      | Identified the +2 dire flail of Prudence {heavy, *Slow
                  | rElec rPois rN++}
  3450 | D:5      | Noticed qw's ghost (novice DEHu)
  3451 | D:5      | Found a transporter.
  3465 | D:5      | HP: 8/40 [gnoll/+0 spear[a gnoll bouda] (4)]
  3466 | D:5      | HP: 3/40 [gnoll/+0 flail[a gnoll bouda] (6)]
  3466 | D:5      | Slain by a gnoll

Levels and vault maps discovered:
D:1:      minmay_arrival_plants_in_alcoves, layout_basic
D:2:      layout_rooms, basic_altar, nicolae_ecumenical_pavilion
D:3:      layout_loops_cross, gammafunk_temple_overflow_statue,
          chequers_temple_overflow_minitemple, uniq_ijyb, uniq_robin,
          uniq_terence
D:4:      layout_loops_cross, nicolae_yredelemnul_corpse_copse,
          minmay_splitting_lines
D:5:      layout_layer_cave, amethyst_overflow_temple_binary,
          minmay_temple_entry_statues_pillars, gammafunk_ghost_smash,
          serial_shops, nicolae_stop_n_shop_2

Skill      XL: |  1  2  3  4  5  6  7 |
---------------+----------------------+-----
Ranged Weapons | 6 7 8 9 10 11 | 11.0
Fighting       | 2 |  2.1
Dodging        | 3 |  3.0
Armour         | 1 |  1.7
Stealth        | |  1.2

Action                     |  1- 3 |  4- 6 |  7- 9 || total
---------------------------+-------+-------+-------++-------
  Melee: Unarmed           |    25 |     1 |       ||    26
   Fire: Shortbow          |    55 |   211 |     5 ||   271
         Orcbow            |       |       |    43 ||    43
    Use: Scroll            |     8 |     3 |       ||    11
         Potion            |       |     4 |       ||     4
 Armour: Skin              |     5 |       |       ||     5
         Leather armour    |     1 |       |       ||     1
         Scale mail        |       |    24 |       ||    24
         Ring mail         |       |    19 |    10 ||    29
  Dodge: Dodged            |    16 |    61 |    30 ||   107

Table legend:
 A = Non-vault XP
 B = Vault XP
 C = Vault XP percentage of total XP
 D = Non-vault monster count
 E = Vault monster count
 F = Vault count percentage of total count
                 A         B        C        D         E       F
            +---------+---------+-------+---------+---------+-------
      Total |     828 |     186 |  18.3 |      89 |      20 |  18.3
            +---------+---------+-------+---------+---------+-------
        D:1 |      19 |       0 |   0.0 |      14 |       0 |   0.0
        D:2 |      65 |       0 |   0.0 |      21 |       0 |   0.0
        D:3 |      48 |     105 |  68.6 |      18 |      15 |  45.5
        D:4 |     550 |      81 |  12.8 |      29 |       5 |  14.7
        D:5 |     146 |       0 |   0.0 |       7 |       0 |   0.0
            +---------+---------+-------+---------+---------+-------
